 Dungeon Crawl Stone Soup version 0.14-a0-2061-g6c6fb9c (webtiles) character file.

491 Jenx the Cutter (level 6, -1/34 HPs)
             Began as a Kobold Hunter on Jan 22, 2014.
             Slain by an orc
             ... wielding a +0,+1 orcish dagger
              (5 damage)
             ... on Level 4 of the Dungeon.
             The game lasted 00:11:43 (3416 turns).

Jenx the Cutter (Kobold Hunter)                     Turns: 3416, Time: 00:11:43

HP  -1/34        AC  5     Str 12      XL: 6   Next: 97%
MP   6/6         EV 13     Int 11      God:
Gold 133         SH  0     Dex 15      Spells:  0 memorised,  5 levels left

rFire  . . .     SeeInvis .     b - +1 crossbow
rCold  . . .     Clarity  .     d - +0 leather armour
rNeg   . . .     Conserve .     (no shield)
rPois  .         rCorr    .     k - +0 helmet
rElec  .         rRot     .     (no cloak)
SustAb . .       Spirit   .     e - +0 pair of dwarf gloves
rMut   .         Warding  .     (no boots)
Saprov + + .     Stasis   .     (no amulet)
MR     .....                    (no ring)
                                t - ring of flight

@: not resistant to hostile enchantments, stealthy
A: disease resistance, carnivore 3, saprovore 2
a: Evoke Flight


You were on level 4 of the Dungeon.
You were very full.

You visited 1 branch of the dungeon, and saw 4 of its levels.

You collected 133 gold pieces.

Inventory:

Hand weapons
 a - a +0,+2 orcish dagger of venom
 b - a +1,+1 crossbow (weapon)
 B - a +0,+0 short sword
Missiles
 c - 50 bolts (quivered)
 j - 6 tomahawks
Armour
 d - a +0 leather armour (worn)
 e - a +0 pair of dwarven gloves (worn)
 k - a +0 helmet (worn)
 n - a +1 dwarven chain mail
Comestibles
 f - 2 meat rations
 q - a chunk of giant newt flesh
 A - 4 rotting chunks of orc flesh
 C - 3 rotting chunks of orc flesh
Scrolls
 l - a scroll of immolation {unknown}
 m - a scroll of fog {unknown}
 o - a scroll of enchant weapon I {unknown}
 s - a scroll of noise {unknown}
 v - 2 scrolls of remove curse
 x - a scroll of amnesia {unknown}
 y - 2 scrolls of identify
 z - a scroll of magic mapping
Jewellery
 t - a ring of flight (left hand)
Potions
 g - a potion of paralysis {unknown}
 h - a potion of agility {unknown}
 i - a potion of curing {unknown}
 p - a potion of poison {unknown}
 r - a potion of invisibility {unknown}
 u - a potion of degeneration {unknown}
 w - a potion of resistance {unknown}


   Skills:
 - Level 1.1 Fighting
 * Level 7.4 Short Blades
 - Level 4.8 Crossbows
 - Level 2.4 Dodging
 + Level 4.4 Stealth


You had 5 spell levels left.
You didn't know any spells.

Dungeon Overview and Level Annotations

Branches:
Dungeon (4/16)
 Temple: D:4-7

Altars:
Ashenzari
Fedhas
Sif Muna
the Shining One


Innate Abilities, Weirdness & Mutations

You recuperate from illness quickly.
You are small and have problems with some larger weapons.
You are carnivorous and can eat meat at any time.
You can eat rotten meat.


Message History

The orc wizard closely misses you.
Firing (i - inventory. (,) - cycle):
c - 52 bolts (quivered)
Press: ? - help, Shift-Dir - straight line, f/p - orc wizard
Aim: an orc wizard, wielding an orcish dagger and wearing an orcish robe (severely wounded, moving very quickly)
You shoot a bolt. The bolt hits the orc wizard.
You kill the orc wizard!
The orc wizard closely misses you.
The orc hits you with an orcish falchion!
The orc hits you but does no damage.
The orc wizard hits you with an orcish dagger.
* * * LOW HITPOINT WARNING * * *
The orc hits you with an orcish falchion.
* * * LOW HITPOINT WARNING * * *
Firing (i - inventory. (,) - cycle):
c - 51 bolts (quivered)
Press: ? - help, Shift-Dir - straight line, f - orc
Aim: an orc, wielding an orcish falchion You shoot a bolt.
The bolt hits the orc.
You kill the orc!
The orc hits you with an orcish dagger.
You die...

. .... ## ... ... .... .... o
.(. .#... #oo##.######## ....
#..##........# .# #..##.(o.....#
.# . #..##.@).....# .# #.#
#..##.o....(.# #.# .# #.#
#..##........# #.#
#####.#####..##...)....# #.#
.......................# #.#
#####.#####.(##........# #.# #
#...# #..##........####.####
#####...###..############......#
...............................#


You could see an orc wizard and an orc.

Vanquished Creatures
  An ogre (D:3)
  An orc priest (D:4)
  A gnoll shaman (D:4)
  2 orc wizards (D:4)
  An adder (D:2)
  6 gnolls
  A giant mite (D:3)
  2 worms (D:2)
  2 giant geckos (D:3)
  8 orcs
  A ball python (D:1)
  6 bats
  A giant cockroach (D:1)
  6 hobgoblins
  12 kobolds
  2 quokkas
  4 giant newts
  11 goblins
  A goblin skeleton (D:4)
  8 rats
77 creatures vanquished.

Notes
Turn   | Place    | Note
--------------------------------------------------------------
     0 | D:1      | Jenx, the Kobold Hunter, began the quest for the Orb.
     0 | D:1      | Reached XP level 1. HP: 12/12 MP: 1/1
    81 | D:1      | Reached skill level 1 in Short Blades
   146 | D:1      | Reached XP level 2. HP: 2/16 MP: 2/2
   953 | D:1      | Reached XP level 3. HP: 11/20 MP: 3/3
  1373 | D:2      | Found a shattered altar of Ashenzari.
  1651 | D:2      | Found a blossoming altar of Fedhas.
  1732 | D:2      | Reached XP level 4. HP: 25/25 MP: 4/4
  2128 | D:3      | Reached skill level 5 in Short Blades
  2130 | D:3      | Reached XP level 5. HP: 29/29 MP: 5/5
  2611 | D:3      | Found a deep blue altar of Sif Muna.
  2612 | D:3      | Found a glowing golden altar of the Shining One.
  2897 | D:3      | Noticed an ogre
  2935 | D:3      | Killed an ogre
  2935 | D:3      | Reached skill level 6 in Short Blades
  2935 | D:3      | Reached XP level 6. HP: 34/34 MP: 6/6
  3143 | D:4      | Reached skill level 7 in Short Blades
  3416 | D:4      | Slain by an orc

Action                   |  1- 3 |  4- 6 || total
-------------------------+-------+-------++-------
Melee: Short sword       |   138 |    87 ||   225
       Dagger            |       |    37 ||    37
 Fire: Crossbow          |    14 |    34 ||    48
  Use: Scroll            |       |     2 ||     2
 Stab: Sleeping          |     3 |     5 ||     8
       Distracted        |       |     1 ||     1
